 Dungeon Crawl Stone Soup version 0.17-a0-1914-gde4187c (webtiles) character file.

184 derrpe the Firebug (level 5, -1/28 HPs)
             Began as a Tengu Fire Elementalist on Sept 26, 2015.
             Slain by an ogre
             ... wielding a +0 giant spiked club
              (29 damage)
             ... on level 4 of the Dungeon.
             The game lasted 00:04:03 (3927 turns).

derrpe the Firebug (Tengu Fire Elementalist)        Turns: 3927, Time: 00:04:03

Health: -1/28      AC:  2    Str:  8    XL:     5   Next: 63%
Magic:  9/11       EV: 12    Int: 17    God:
Gold:   93         SH:  0    Dex: 14    Spells: 1 memorised, 10 levels left

rFire  . . .     SeeInvis .     i - +2 whip (venom)
rCold  . . .     Clarity  .     a - +0 robe
rNeg   . . .     SustAt   .     (no shield)
rPois  .         Gourm    .     (helmet restricted)
rElec  .         Spirit   .     (no cloak)
rCorr  .         Warding  .     (no gloves)
rMut   .         Stasis   .     (boots unavailable)
MR     .....                    (no amulet)
Stlth  +++.......               (no ring)
                                p - ring of stealth

@: not resistant to hostile enchantments, fairly stealthy
A: beak, talons 3, able to fly 1
a: Fly


You were on level 4 of the Dungeon.
You were not hungry.

You visited 1 branch of the dungeon, and saw 4 of its levels.

You collected 93 gold pieces.

Inventory:

Hand weapons
 i - a +2 whip of venom (weapon)
 k - a +0 dagger of pain
Armour
 a - a +0 robe (worn)
Jewellery
 p - a ring of stealth (left hand)
Scrolls
 e - a scroll of immolation {unknown}
 h - a scroll of remove curse {unknown}
 m - 2 scrolls of magic mapping {unknown}
 n - a scroll of identify {unknown}
 o - a scroll of teleportation {unknown}
 q - a scroll of random uselessness {unknown}
 t - 2 scrolls of recharging {unknown}
 u - a scroll of noise {unknown}
 w - a scroll of enchant weapon {unknown}
 x - a scroll of fog {unknown}
Potions
 d - a potion of magic
 l - 2 potions of brilliance {unknown}
 s - a potion of might {unknown}
Books
 b - a book of Flames

   Spells                             Type                      Level
   a - Flame Tongue                   Conjuration/Fire             1
   b - Throw Flame                    Conjuration/Fire             2
   c - Conjure Flame                  Conjuration/Fire             3
   d - Inner Flame                    Hexes/Fire                   3
   e - Sticky Flame                   Conjuration/Fire             4
   f - Fireball                       Conjuration/Fire             5
Comestibles
 c - 4 bread rations {@e1}
 f - a beef jerky
 g - a slice of pizza
 j - a meat ration {@e2}
 r - 4 fruits


   Skills:
 - Level 2.1 Dodging
 - Level 2.0 Stealth
 + Level 3.6 Spellcasting
 + Level 4.0 Conjurations
 + Level 4.5 Fire Magic


You had 10 spell levels left.
You knew the following spells:

 Your Spells              Type           Power        Failure   Level  Hunger
a - Flame Tongue          Conj/Fire      ###..        2%          1    None


Dungeon Overview and Level Annotations

Branches:
Dungeon (4/15)
 Temple: D:4-7

Altars:
Fedhas

Shops:
D:4 *


Innate Abilities, Weirdness & Mutations

You have a beak for a mouth.
You have claws for feet.
You can fly.


Message History

Press: ? - help, Shift-Dir - straight line, f - ogre
Aim: an ogre, wielding a giant spiked club (resting)
The flame tongue hits the ogre.
The ogre is lightly wounded.
The ogre shouts!
Casting: Flame Tongue
Confirm with . or Enter, or press ? or * to list all spells.
Aiming: Flame Tongue
Press: ? - help, Shift-Dir - straight line, f/p - ogre
Aim: an ogre, wielding a giant spiked club (lightly wounded)
The flame tongue hits the ogre.
The ogre is moderately wounded.
You hit the ogre.
The ogre is poisoned.
The ogre is heavily wounded.
The ogre barely misses you.
You hit the ogre.
The ogre is severely wounded.
The ogre hits you with a giant spiked club!!
Ouch! That really hurt!
You die...

##+### #########
......#+# #.......#
#.......# +.......#
#.......# #.......#
#.......
.#+####.......####.....#
..........##'#.........#
..........#..+..@O.....#
..........+..#.........+
##+#.....#..###+#.....#
#.....#..# #.....#
##+##.....#+## #.....#
#.........# #.....#
#.........+ #.....#
#.........# +.....+
#....#+#### #.....#


You could see an ogre.

Vanquished Creatures
  2 worker ants (D:4)
  A gnoll (D:1)
  4 adders
  An ooze (D:1)
  4 giant geckos (D:1)
  4 orcs (D:4)
  2 ball pythons
  A giant cockroach (D:1)
  5 goblins
  15 hobgoblins
  8 jackals
  6 kobolds
  A quokka (D:3)
  11 bats
  3 giant newts
  7 rats
75 creatures vanquished.

Notes
Turn   | Place    | Note
--------------------------------------------------------------
     0 | D:1      | derrpe the Tengu Fire Elementalist began the quest for the Orb.
     0 | D:1      | Reached XP level 1. HP: 10/10 MP: 4/4
   151 | D:1      | Reached XP level 2. HP: 6/15 MP: 3/6
   777 | D:1      | Reached XP level 3. HP: 19/19 MP: 4/7
  1449 | D:1      | Reached skill level 4 in Fire Magic
  1449 | D:1      | Reached XP level 4. HP: 24/24 MP: 4/9
  1700 | D:2      | Found a blossoming altar of Fedhas.
  3013 | D:3      | Gained mutation: You can fly. [Tengu growth]
  3013 | D:3      | Reached XP level 5. HP: 10/28 MP: 5/10
  3644 | D:4      | Found Qeecwothru's Assorted Antiques.
  3916 | D:4      | Noticed an ogre
  3927 | D:4      | Slain by an ogre

Vault maps used:
D:1:      dpeg_arrival_erosion, st_stairs_11
D:2:      fedhas_altar_1
D:3:      uniq_sigmund, uniq_robin
D:4:      lemuel_round_altar, overflow_temple_1_default,
          grunt_temple_overflow_cloverleaf, first_bread, serial_shops,
          nicolae_shop_competitors_out_of_business

Action                   |  1- 3 |  4- 6 || total
-------------------------+-------+-------++-------
Melee: Unarmed           |    11 |       ||    11
       Whip              |       |    39 ||    39
 Cast: Flame Tongue      |    66 |    46 ||   112
  Use: Potion            |       |     4 ||     4
 Stab: Sleeping          |       |     5 ||     5
  Eat: Chunk             |     2 |     8 ||    10
